 Dungeon Sprint DCSS version 0.22.1-1-ga44c0e56f4 (webtiles) character file.

2802 MuseOD the Unseen (level 9, -11/53 HPs)
             Began as a Spriggan Enchanter on Sept 23, 2018.
             Was an Elder of Dithmenos.
             Killed by angry trees
             ... awakened by a spriggan druid
              (20 damage)
             ... in the Dungeon (Sprint IV: "Fedhas' Mad Dash").
             The game lasted 00:04:01 (1523 turns).

MuseOD the Unseen (Spriggan Enchanter)              Turns: 1523, Time: 00:04:01

Health: -11/53     AC:  2    Str:  4    XL:     9   Next: 44%
Magic:  11/14      EV: 18    Int: 20    God:    Dithmenos [****..]
Gold:   169        SH:  0    Dex: 16    Spells: 1/13 levels left

rFire    . . .     SeeInvis +   a - +1 dagger
rCold    + + .     Gourm    .   (shield restricted)
rNeg     + . .     Faith    .   b - +0 robe
rPois    +         Spirit   .   (helmet restricted)
rElec    .         Reflect  .   (no cloak)
rCorr    .         Harm     .   (gloves unavailable)
MR       +....     NoTele   +   (boots unavailable)
Stlth    ++++++++..             c - amulet of invisibility {+Inv}
HPRegen  0.17/turn              l - ring of the Swan {Wiz rPois rC++ rN+ Stlth-}
MPRegen  0.14/turn              (no ring)

@: very slightly contaminated, wreathed by umbra, very quick
A: very small, unfitting armour, see invisible, herbivore, speed 3, slow
metabolism 2
a: Shadow Step, Renounce Religion, Evoke Invisibility


You were in the Dungeon.
You worshipped Dithmenos.
Dithmenos was greatly pleased with you.
You were not hungry.

You visited 1 branch You collected 169 gold pieces.

Inventory:

Hand Weapons
 a - a +1 dagger (weapon)
Armour
 b - a +0 robe (worn)
Jewellery
 c - the amulet of invisibility (around neck) {+Inv}
   (You found it in the Dungeon)

   [amulet of nothing]

   It lets you turn invisible.
 l - the ring of the Swan (left hand) {Wiz rPois rC++ rN+ Stlth-}
   (You found it in the Dungeon)

   [ring of wizardry]

   It improves your spell success rate.
   It greatly protects you from cold.
   It protects you from poison.
   It protects you from negative energy.
   It makes you less stealthy.
 m - the amulet of Fun {Harm *Drain rC++ Str-5}
   (You found it in the Dungeon)

   [amulet of harm]

   It increases damage dealt and taken.
   It affects your strength (-5).
   It greatly protects you from cold.
   It causes draining when unequipped.
Scrolls
 j - a scroll of blinking
 k - a scroll of remove curse {unknown}
Potions
 e - a potion of curing
 f - a potion of heal wounds
 g - a potion of haste
 h - 2 potions of magic
 i - a potion of berserk rage
Comestibles
 d - a ration


   Skills:
 + Level 9.3 Fighting
 * Level 16.0 Short Blades
 - Level 3.0 Dodging
 + Level 16.4 Stealth
 - Level 2.6 Spellcasting
 - Level 3.6 Hexes


You had one spell level left.
You knew the following spells:

 Your Spells              Type           Power        Failure   Level  Hunger
a - Corona                Hex            ###....      1%          1    None
b - Ensorcelled Hibernat  Hex/Ice        #.....       4%          2    ##.....
c - Confuse               Hex            ###.....     4%          3    ###....
d - Tukima's Dance        Hex            ###.....     4%          3    ###....
e - Dazzling Spray        Conj/Hex       #.....       9%          3    ###....

Your spell library contained the following spells:

 Spells                   Type           Power        Failure   Level  Hunger
 Sting                    Conj/Pois      #...         6%          1    None
 Poisonous Vapours        Pois/Air       #.....       9%          2    ##.....
 Mephitic Cloud           Conj/Pois/Air  #.......     17%         3    ###....
 Olgreb's Toxic Radiance  Pois           #.......     47%         4    ####...
 Venom Bolt               Conj/Pois      #.........   82%         5    ######.


Dungeon Overview and Level Annotations

Branches:
Dungeon (1/1)

Altars:
Cheibriados
Dithmenos
Elyvilon
Gozag
Hepliaklqana
Kikubaaqudgha
Makhleb
Nemelex Xobeh
Okawaru
Qazlal
Ru
Sif Muna
Trog
Uskayaw
Vehumet
Wu Jian
Xom
Yredelemnul
Zin
The Shining One
Beogh
Jiyva
Lugonu

Shops:
D :[[!


Innate Abilities, Weirdness & Mutations

You are very small and have problems with some larger weapons.
You are too small for most types of armour.
You have supernaturally acute eyesight. (SInv)
You are a herbivore.
You cover ground extremely quickly.
You need to consume almost no food.


Message History

Confirm with . or Enter, or press ? or * to list all spells.
Aiming: Confuse (safe; 4% risk of failure)
Press: ? - help, Shift-Dir - straight line, f - spriggan druid
Aim: a spriggan druid, wielding a quarterstaff and wearing a runed robe (umbra,
Okay, then.
Trunks creak and shift.
A tree reaches out and hits you!
The spriggan druid calls out to the beasts of the wild!
A hornet comes into view.
The trees move their gnarly branches around.
You are waved at by a branch.
Casting: Confuse (safe; 4% risk of failure)
Confirm with . or Enter, or press ? or * to list all spells.
Aiming: Ensorcelled Hibernation (safe; 4% risk of failure)
Press: ? - help, Shift-Dir - straight line, f - hornet
Aim: a hornet (umbra, chance to defeat MR: 32%)
The hornet easily resists.
A tree reaches out and hits you!
* * * LOW HITPOINT WARNING * * *
You hit the hornet but do no damage.
You are hit by a branch!
You die...

#################################
..P#.....#.....#.⌠._._._._.⌠.#..'
P..'.(.†.'.#)(.'.._._._._._..'..#
PPP#.....#.#...#..._._._._...#..#
#############'##.._._._._._..#.(#
..♣........'...#._._._._._.⌠.####
.....♣.....#...###############
....♣..♣..######♣♣♣♣♣..♣$#
'####'######.|'y@.i..♣..♣#
.#....'.......#♣..♣♣♣.♣..#
.#..###.......#.♣♣.[♣.$$♣ #####
########## ########


You could see a spriggan druid and a hornet.

Vanquished Creatures
  2 oklob plants (D)
  3 burning bushes (D)
  A queen bee (D)
  3 wandering mushrooms (D)
  2 scorpions (D)
  4 killer bees (D)
  5 oklob saplings (D)
  A worker ant (D)
  2 spriggans (D)
  A river rat (D)
  A rat (D)
25 creatures vanquished.

Notes
Turn   | Place    | Note
-------+----------+-------------------------------------------
     0 | D        | MuseOD the Spriggan Enchanter began the quest for the Orb.
     0 | D        | Reached XP level 1. HP: 9/9 MP: 5/5
     8 | D        | Reached skill level 1 in Fighting
     8 | D        | Reached skill level 5 in Stealth
     8 | D        | Reached XP level 2. HP: 14/14 MP: 6/6
    17 | D        | Learned a level 2 spell: Ensorcelled Hibernation
    55 | D        | Noticed an oklob sapling
    57 | D        | Killed an oklob sapling
    57 | D        | Reached XP level 3. HP: 19/19 MP: 8/8
    60 | D        | Found the amulet of invisibility {+Inv}
    61 | D        | Reached skill level 5 in Short Blades
    78 | D        | Noticed an oklob sapling
    81 | D        | Killed an oklob sapling
    81 | D        | Reached XP level 4. HP: 24/24 MP: 6/9
   212 | D        | Found an opulent altar of Gozag.
   212 | D        | Found a hazy altar of Hepliaklqana.
   212 | D        | Found a burning altar of Makhleb.
   212 | D        | Found a roughly hewn altar of Beogh.
   212 | D        | Found a sparkling altar of Nemelex Xobeh.
   212 | D        | Found a snail-covered altar of Cheibriados.
   212 | D        | Found a sacrificial altar of Ru.
   212 | D        | Found a deep blue altar of Sif Muna.
   212 | D        | Found a shimmering altar of Xom.
   212 | D        | Found a basalt altar of Yredelemnul.
   213 | D        | Found a viscous altar of Jiyva.
   213 | D        | Found a bloodstained altar of Trog.
   213 | D        | Found an ornate altar of the Wu Jian Council.
   214 | D        | Found an iron altar of Okawaru.
   214 | D        | Found a shadowy altar of Dithmenos.
   214 | D        | Found a glowing silver altar of Zin.
   215 | D        | Found a hide-covered altar of Uskayaw.
   215 | D        | Found an ancient bone altar of Kikubaaqudgha.
   216 | D        | Found a glowing golden altar of the Shining One.
   216 | D        | Found a stormy altar of Qazlal.
   216 | D        | Found a white marble altar of Elyvilon.
   217 | D        | Found a radiant altar of Vehumet.
   217 | D        | Found a corrupted altar of Lugonu.
   220 | D        | Reached XP level 5. HP: 29/29 MP: 7/10
   223 | D        | Became a worshipper of Dithmenos the Shadowed
   258 | D        | Noticed a queen bee
   264 | D        | Killed a queen bee
   264 | D        | Reached skill level 5 in Fighting
   264 | D        | Reached skill level 10 in Short Blades
   264 | D        | Reached XP level 6. HP: 35/35 MP: 8/11
   266 | D        | Reached * piety under Dithmenos
   269 | D        | Reached XP level 7. HP: 40/40 MP: 8/12
   273 | D        | Noticed an oklob plant
   289 | D        | Killed an oklob plant
   289 | D        | Reached ** piety under Dithmenos
   294 | D        | Learned a level 3 spell: Confuse
   493 | D        | Noticed a burning bush
   730 | D        | Reached XP level 8. HP: 46/46 MP: 11/13
   732 | D        | Reached *** piety under Dithmenos
   740 | D        | Found Cosk's Antique Armour Shop.
   740 | D        | Found Zovuyhen's Book Emporium.
   749 | D        | Noticed a burning bush
   749 | D        | Noticed a wandering mushroom
   750 | D        | Noticed a wandering mushroom
   752 | D        | Killed a wandering mushroom
   756 | D        | Killed a burning bush
   758 | D        | Killed a wandering mushroom
   758 | D        | Reached skill level 15 in Stealth
   762 | D        | Found Weifyrol's Distillery.
   762 | D        | Found Poepn's Armour Shoppe.
   766 | D        | Got a clouded turquoise ring
   767 | D        | Identified the ring of the Swan {Wiz rPois rC++ rN+ Stlth-}
                  | (You found it in the Dungeon)
   814 | D        | Learned a level 3 spell: Tukima's Dance
   818 | D        | Learned a level 3 spell: Dazzling Spray
  1014 | D        | Killed a burning bush
  1014 | D        | Reached **** piety under Dithmenos
  1014 | D        | Reached XP level 9. HP: 42/52 MP: 7/14
  1016 | D        | Got an ancient iron amulet
  1073 | D        | Lost strength.
  1073 | D        | Identified the amulet of Fun {Harm *Drain rC++ Str-5} (You
                  | found it in the Dungeon)
  1302 | D        | Noticed a burning bush
  1302 | D        | Noticed an oklob plant
  1477 | D        | Noticed a wandering mushroom
  1479 | D        | Killed a burning bush
  1479 | D        | Reached skill level 15 in Short Blades
  1485 | D        | Killed a wandering mushroom
  1492 | D        | Killed an oklob plant
  1515 | D        | Noticed a spriggan druid
  1523 | D        | Killed from afar by a spriggan druid

Skill      XL: |  1  2  3  4  5  6  7  8  9 |
---------------+----------------------------+-----
Fighting       | 1 2 3 5 6 7 8 9 |  9.3
Short Blades   | 3 4 6 7 10 11 13 14 16 | 16.0
Stealth        | 5 6 7 8 11 12 13 15 16 | 16.4
Dodging        | |  3.0
Spellcasting   | |  2.6
Hexes          | |  3.6

Action                   |  1- 3 |  4- 6 |  7- 9 || total
-------------------------+-------+-------+-------++-------
Melee: Dagger            |     7 |     6 |    40 ||    53
 Cast: Confuse           |       |       |    15 ||    15
       Ensorcelled Hiber |       |       |     1 ||     1
 Abil: Evoke Invisibilit |     1 |     2 |     2 ||     5
 Stab: Sleeping          |     4 |     6 |     8 ||    18
       Invisible         |       |       |     5 ||     5
       Confused          |       |       |     2 ||     2
       Distracted        |       |       |     1 ||     1
  Eat: Ration            |       |       |     1 ||     1
Dodge: Dodged            |     1 |       |     4 ||     5
